 Dungeon Crawl Stone Soup version 0.23-a0-14-g8c9a20f (webtiles) character file.

91 galech the Covered (level 4, -3/41 HPs)
             Began as a Minotaur Fighter on Aug 2, 2018.
             Slain by an ogre
             ... wielding a +0 giant club
              (10 damage)
             ... on level 4 of the Dungeon.
             The game lasted 00:02:58 (1824 turns).

galech the Covered (Minotaur Fighter)               Turns: 1824, Time: 00:02:59

Health: -3/41      AC:  9    Str: 20    XL:     4   Next: 34%
Magic:  3/3        EV:  5    Int:  5    God:
Gold:   124        SH: 12    Dex: 11    Spells: 3/3 levels left

rFire    . . .     SeeInvis .   a - +0 war axe
rCold    . . .     Gourm    .   c - +0 shield
rNeg     . . .     Faith    .   n - +0 chain mail
rPois    .         Spirit   .   (helmet restricted)
rElec    .         Reflect  +   (no cloak)
rCorr    .         Harm     .   (no gloves)
MR       +....                  (no boots)
Stlth    ..........             l - +3 amulet of reflection
HPRegen  0.13/turn              k - ring of protection from magic
MPRegen  0.08/turn              (no ring)

@: no status effects
A: retaliatory headbutt, horns 2
a: no special abilities


You were on level 4 of the Dungeon.
You were not hungry.

You visited 1 branch of the dungeon, and saw 4 of its levels.

You collected 124 gold pieces.

Inventory:

Hand Weapons
 a - a +0 war axe (weapon)
Armour
 c - a +0 shield (worn)
 n - a +0 chain mail (worn)
Jewellery
 k - a ring of protection from magic (left hand)
 l - a +3 amulet of reflection (around neck)
 p - an uncursed amulet of the acrobat {unknown}
 q - an uncursed ring of fire {unknown}
Wands
 o - a wand of random effects (7)
Scrolls
 b - a scroll of noise {unknown}
 e - a scroll of magic mapping {unknown}
 g - 2 scrolls of teleportation {unknown}
 h - a scroll of enchant weapon {unknown}
 i - 2 scrolls of fog {unknown}
 j - 3 scrolls of remove curse
 m - 3 scrolls of identify {unknown}
 r - a scroll of enchant armour {unknown}
Potions
 d - a potion of might
Comestibles
 f - 9 rations
 s - 8 chunks of flesh


   Skills:
 + Level 4.3 Fighting
 + Level 3.1 Axes
 + Level 4.6 Armour
 + Level 0.1 Stealth
 + Level 4.5 Shields


You had 3 spell levels left.
You didn't know any spells.
Your spell library was empty.

Dungeon Overview and Level Annotations

Branches:
Dungeon (4/15)
 Temple: D:4-7

Altars:
Ashenzari
Qazlal


Innate Abilities, Weirdness & Mutations

You reflexively headbutt those who attack you in melee.
You have a pair of horns on your head.


Message History

You barely miss the ogre. You block the ogre's attack.
You barely miss the ogre. Your headbutt misses the ogre.
You block the ogre's attack.
You hit the ogre but do no damage. You block the ogre's attack.
You slash the ogre! You headbutt the ogre!
The ogre is heavily wounded.
You hit the worker ant. The ogre hits you with a giant club!
The worker ant bites you but does no damage.
You closely miss the ogre.
The ogre is heavily wounded.
Your shield and chain mail prevent you from hitting the worker ant.
You block the worker ant's attack. The ogre hits you with a giant club!!
Ouch! That really hurt!
* * * LOW HITPOINT WARNING * * *
You block the worker ant's attack.
You slash the ogre!
You headbutt the ogre, but do no damage.
The ogre is almost dead.
You hit the worker ant. The ogre hits you with a giant club!
You die...

... #.. #.# #.# #.#
#.# #O# # #@# .. #.
####a####.#
....#(#####.........a.
............#..####.##
...#.#.#####.## #.#.#
#># #.#.### #.#
#.#...###.##
#.##........


You could see an ogre and a worker ant.

Vanquished Creatures
  A worker ant zombie (D:3)
  An adder (D:2)
  2 oozes
  5 dart slugs
  A leopard gecko (D:3)
  An orc (D:3)
  4 bats
  3 giant cockroaches
  5 goblins
  5 hobgoblins
  7 jackals
  A quokka (D:2)
  2 ball pythons (D:3)
  6 frilled lizards
  A kobold (D:3)
  3 rats
48 creatures vanquished.

Notes
Turn   | Place    | Note
-------+----------+-------------------------------------------
     0 | D:1      | galech the Minotaur Fighter began the quest for the Orb.
     0 | D:1      | Reached XP level 1. HP: 19/19 MP: 0/0
   136 | D:1      | Reached XP level 2. HP: 27/27 MP: 1/1
   487 | D:2      | Found a shattered altar of Ashenzari.
   542 | D:2      | Reached XP level 3. HP: 33/33 MP: 2/2
   892 | D:2      | Found a stormy altar of Qazlal.
  1241 | D:3      | Reached XP level 4. HP: 38/41 MP: 3/3
  1816 | D:4      | Noticed an ogre
  1824 | D:4      | Slain by an ogre

Vault maps used:
D:1:      saegor_arrival_simple_d
D:2:      lemuel_round_altar, ashenzari_altar_1
D:3:      minivault_14
D:4:      lemuel_doored_altar, kennysheep_mini, minmay_temple_entry_large_hall,
          first_ration

Skill      XL: |  1  2  3 |
---------------+----------+-----
Fighting       | 4 |  4.3
Armour         | 4 |  4.6
Shields        | 4 |  4.5
Axes           | 3 |  3.1
Stealth        | |  0.1

Action                   |  1- 3 |  4- 6 || total
-------------------------+-------+-------++-------
Melee: War axe           |    77 |    41 ||   118
       Headbutt          |    12 |     4 ||    16
  Use: Scroll            |       |     1 ||     1
  Eat: Chunk             |     1 |     2 ||     3
Armor: Scale mail        |    29 |       ||    29
       Chain mail        |    19 |    21 ||    40
Dodge: Dodged            |    19 |     6 ||    25
Block: Shield            |    51 |    38 ||    89
       Reflection        |       |     1 ||     1

Table legend:
 A = Spawn XP
 B = Non-spawn XP
 C = Spawn XP percentage of total XP
 D = Spawn monster count
 E = Non-spawn monster count
 F = Spawn count percentage of total count
 G = Total turns spent on level
                    A         B        C        D         E        F      G
               +---------+---------+-------+---------+---------+-------+---------
         Total |       0 |     131 |   0.0 |       0 |      48 |   0.0 |  1824
               +---------+---------+-------+---------+---------+-------+---------
           D:1 |       0 |      25 |   0.0 |       0 |      13 |   0.0 |   427
           D:2 |       0 |      50 |   0.0 |       0 |      16 |   0.0 |   693
           D:3 |       0 |      52 |   0.0 |       0 |      18 |   0.0 |   678
           D:4 |       0 |       4 |   0.0 |       0 |       1 |   0.0 |    26
               +---------+---------+-------+---------+---------+-------+---------
